 Dungeon Crawl Stone Soup version 0.30-a0-341-g682706514a (webtiles) character file.

Game seed: 11808695109345046737

121 mjkj720 the Grasshopper (level 4, 0/39 HPs)
             Began as an Armataur Warper on Oct 31, 2022.
             Slain by a black bear (2 damage)
             ... on level 4 of the Dungeon on Nov 3, 2022.
             The game lasted 00:16:05 (1953 turns).

mjkj720 the Grasshopper (Armataur Warper)           Turns: 1953, Time: 00:16:05

Health: 0/39       AC:  4    Str: 16    XL:     4   Next: 77%
Magic:  6/6        EV:  9    Int: 16    God:
Gold:   130        SH:  0    Dex:  9    Spells: 6/6 levels left

rFire   . . .      SeeInvis .    a - +0 hand axe
rCold   . . .      Faith    .    (no shield)
rNeg    . . .      Spirit   .    j - +0 robe
rPois   .          Reflect  .    (no helmet)
rElec   .          Harm     .    (no cloak)
rCorr   .          Roll     +    (no gloves)
Will    .....                    (no barding)
Stlth   +.........               (no amulet)
HPRegen 0.26/turn                (no ring)
MPRegen 0.10/turn                (no ring)

@: no status effects
A: large, rugged brown scales 3, deformed body, armoured tail, roll, long
tongue, awkward tongue
a: no special abilities


You were on level 4 of the Dungeon.
You visited 1 branch of the dungeon, and saw 4 of its levels.

You collected 130 gold pieces.

Inventory:

Hand Weapons
 a - a +0 hand axe (weapon)
 e - a +0 dagger
 h - a +0 club
 k - a +0 rapier
 l - the +5 broad axe of Cruel Justice {vamp, rElec Int-5 Dex+5}
   (You found it on level 2 of the Dungeon)

   It occasionally heals its wielder for a portion of the damage dealt when it
   wounds a living foe.
   Int:       It affects your intelligence (-5).
   Dex:       It affects your dexterity (+5).
   rElec:     It insulates you from electricity.
Missiles
 d - 5 boomerangs of dispersal (quivered)
 i - 27 stones
Armour
 b - a +0 leather armour
 g - a +0 leather armour
 j - a +0 robe (worn)
 n - a +0 ring mail
Wands
 o - a wand of digging (5)
Scrolls
 c - a scroll of blinking
 f - 2 scrolls of identify
Potions
 m - a potion of haste {unknown}
 p - a potion of heal wounds {unknown}
 q - a potion of might {unknown}


   Skills:
 * Level 2.3 Fighting
 + Level 3.0 Axes
 * Level 0.5(1.9) Polearms
 + Level 0.8 Throwing
 + Level 2.2 Armour
 + Level 1.7 Dodging
 + Level 1.7 Spellcasting
 + Level 3.4 Translocations


You had 6 spell levels left.
You didn't know any spells.
Your spell library contained the following spells:

 Spells                   Type           Power      Damage    Failure   Level
 Blink                    Tloc           24%        N/A       8%          2
 Lesser Beckoning         Tloc           24%        N/A       16%         3
 Teleport Other           Tloc           12%        N/A       16%         3
 Vhi's Electric Charge    Tloc/Air       12%        N/A       32%         3
 Manifold Assault         Tloc           12%        N/A       45%         4


Dungeon Overview and Level Annotations

Branches:
Dungeon (4/15)
 Temple: D:4-7

Altars:


Innate Abilities, Weirdness & Mutations

You are completely covered in rugged brown scales. (AC +3, +7% HP)
Armour fits poorly on your strangely shaped body.
You have a long armoured tail.
You roll when moving toward enemies. (Rampage)
Your long tongue fully drains potion bottles. (2x potion effects)
Your tongue gives you trouble enunciating. (1.5x scroll delay)


Message History

The black bear bites you. The black bear barely misses you.
The black bear claws you.
You hit the black bear but do no damage.
The black bear is moderately wounded.
The black bear barely misses you. The black bear claws you.
The black bear claws you but does no damage.
The black bear barely misses you. The black bear closely misses you.
The black bear claws you but does no damage.
You barely miss the black bear. You tail-slap the black bear.
The black bear is moderately wounded.
The black bear bites you. The black bear barely misses you. x2
You hit the black bear.
The black bear is moderately wounded.
The black bear bites you.
The black bear claws you but does no damage.
The black bear claws you.
* * * LOW HITPOINT WARNING * * *
You hit the black bear but do no damage.
Your tail-slap misses the black bear.
The black bear is moderately wounded.
The black bear bites you.
* * * LOW HITPOINT WARNING * * *
The black bear completely misses you. The black bear barely misses you.
You barely miss the black bear. You tail-slap the black bear!
The black bear is heavily wounded.
The black bear bites you but does no damage.
The black bear barely misses you. x2
You hit the black bear.
The black bear is severely wounded.
The black bear bites you.
* * * LOW HITPOINT WARNING * * *
The black bear claws you.
* * * LOW HITPOINT WARNING * * *
The black bear claws you but does no damage.
The black bear bites you but does no damage.
The black bear claws you but does no damage.
The black bear claws you.
* * * LOW HITPOINT WARNING * * *
The black bear closely misses you. The black bear claws you.
You die...

#......#.......
######'#.......
#..............
#.......)......
+..............
#....>.........
##########..............
........................
.......@..#######.......
........h.# ...#.......
..........+ ....#.......
..........# ....#.......
......###'##.....
.......
......#...##.....
######. .....
#.......... #. .....
#.......(.. #.
......#.......... #.


You could see a black bear.

Vanquished Creatures
  2 orc priests (D:3)
  An adder (D:4)
  A dart slug (D:2)
  6 orcs
  5 endoplasms
  A giant cockroach (D:3)
  5 goblins
  4 hobgoblins
  3 kobolds
  5 quokkas
  4 ball pythons
  5 bats
  A frilled lizard (D:1)
  A rat (D:2)
44 creatures vanquished.

Notes
Turn   | Place    | Note
-------+----------+-------------------------------------------
     0 | D:1      | mjkj720 the Armataur Warper began the quest for the Orb.
     0 | D:1      | Reached XP level 1. HP: 18/18 MP: 3/3
    55 | D:1      | Upgraded the game from 0.30-a0-339-g89bb51ec76 to
                  | 0.30-a0-341-g682706514a
   268 | D:1      | Reached XP level 2. HP: 22/25 MP: 4/4
   468 | D:2      | Identified the +5 broad axe of Cruel Justice {vamp, rElec
                  | Int-5 Dex+5}
   510 | D:3      | Reached XP level 3. HP: 23/31 MP: 5/5
   573 | D:3      | Reached XP level 4. HP: 30/38 MP: 6/6
  1939 | D:4      | Noticed a black bear
  1952 | D:4      | HP: 1/39 [black bear (1)]
  1953 | D:4      | Slain by a black bear

Illustrated notes

Levels and vault maps discovered:
D:1:      zelgadis_glass_arrival_small, layout_loops_cross,
          hangedman_abyss_or_decor_lesser_grid
D:2:      layout_rooms, uniq_terence
D:3:      layout_basic, kennysheep_potato
D:4:      layout_gridville, amcnicky_mini_pool_small, uniq_sigmund, uniq_duvessa

Skill      XL: |  1  2  3  4 |
---------------+-------------+-----
Fighting       | 2 |  2.3
Axes           | 2 3 |  3.0
Armour         | 2 |  2.2
Polearms       | |  0.5
Throwing       | |  0.8
Dodging        | |  1.7
Spellcasting   | |  1.7
Translocations | |  3.4

Action                   |  1- 3 |  4- 6 || total
-------------------------+-------+-------++-------
Melee: Hand axe          |    38 |    16 ||    54
       Broad axe         |    11 |    35 ||    46
       Tailslap          |     5 |     4 ||     9
Throw: Boomerang         |     1 |     1 ||     2
  Use: Scroll            |       |     3 ||     3
Armor: Leather armour    |    20 |    26 ||    46
       Robe              |       |    13 ||    13
Dodge: Dodged            |    34 |    53 ||    87

Table legend: (Time is in decaauts)
 A = Elapsed time spent in this place.
 B = Non-inter-level travel time spent in this place.
 C = Inter-level travel time spent in this place.
 D = Time resting spent in this place.
 E = Time spent auto-exploring this place.
 F = Levels seen in this place.
 G = Mean time per level.
                   A        B        C        D        E       F      G
               +--------+--------+--------+--------+--------+-----+--------+
         Total |   1994 |   1966 |     28 |      0 |      0 |   4 |  498.5 |
       Dungeon |   1994 |   1966 |     28 |      0 |      0 |   4 |  498.5 |
               +--------+--------+--------+--------+--------+-----+--------+

Top non-repeatable levels by time:
     D:4: 910 daAuts
     D:3: 590 daAuts
     D:1: 394 daAuts
     D:2: 99 daAuts
